 Dungeon Crawl Stone Soup version 0.31.0-12-g77e489cdc1 (webtiles) character file.

Game seed: 3950153410961188910

130 Doomgape the Trooper (level 5, -2/34 HPs)
             Began as a Gargoyle Fighter on Feb 19, 2024.
             Slain by a gnoll
             ... wielding a +1 heavy halberd
              (6 damage)
             ... on level 3 of the Dungeon.
             The game lasted 00:04:23 (1862 turns).

Doomgape the Trooper (Gargoyle Fighter)             Turns: 1862, Time: 00:04:24

Health: -2/34      AC: 11    Str: 22      XL:     5   Next: 13%
Magic:  5/5        EV:  9    Int:  6 (8)  God:
Gold:   46         SH:  4    Dex:  8 (9)  Spells: 4/4 levels left

rFire   . . .        a - +0 flail
rCold   . . .        c - +0 buckler
rNeg    + . .        b - +0 scale mail
rPois   ∞            (no helmet)
rElec   +            (no cloak)
rCorr   .            (no gloves)
SInv    .            (no boots)
Will    .....        k - amulet of regeneration Stlth
                     (no ring)
HPRegen 1.85/turn    (no ring)
MPRegen 0.09/turn

%: no passive effects
@: no status effects
A: sickness immunity, AC +4, negative energy resistance 1, electricity
resistance, torment resistance 1, petrification resistance, regeneration 1
a: no special abilities


You were on level 3 of the Dungeon.
You visited 1 branch of the dungeon, and saw 3 of its levels.

You collected 46 gold pieces.

Inventory:

Hand Weapons
 a - a +0 flail (weapon)
Armour
 b - a +0 scale mail (worn)
 c - a +0 buckler (worn)
Jewellery
 k - an amulet of regeneration (around neck)
Scrolls
 e - a scroll of identify
 m - a scroll of teleportation {unknown}
 n - a scroll of vulnerability {unknown}
Potions
 d - a potion of might
 f - a potion of enlightenment
 h - a potion of attraction {unknown}
 i - a potion of curing {unknown}


   Skills:
 + Level 4.4 Fighting
 + Level 3.2 Maces & Flails
 + Level 4.3 Armour
 - Level 3.5 Shields


You had 4 spell levels left.
You didn't know any spells.
Your spell library contained the following spells:

 Spells                   Type           Power      Damage    Failure   Level
 Foxfire                  Conj/Fire      0%         2x1d4     83%         1
 Plasma Beam              Fire/Air       0%         2x1d10    100%        6
 Starburst                Conj/Fire      0%         6d3       100%        6


Dungeon Overview and Level Annotations

Branches:
Dungeon (3/15)

Altars:


Innate Abilities, Weirdness & Mutations

You are immune to sickness and miasma.
Your stone body is resilient. (AC +4)
You are immune to poison.
You resist negative energy. (rN+)
You are resistant to electric shocks. (rElec)
You are resistant to unholy torment.
You are immune to petrification.
Your natural rate of healing is unusually fast.


Message History

The gnoll is heavily wounded.
You block the gnoll's attack. The gnoll barely misses you.
You hit the gnoll.
The gnoll is almost dead.
The gnoll hits you with a +0 whip.
You barely miss the gnoll.
The gnoll is almost dead.
The gnoll hits you with a +0 whip.
The gnoll hits you from afar with a +0 halberd.
The goblin hits you but does no damage. The gnoll barely misses you.
You sock the gnoll!
You kill the gnoll!
The gnoll barely misses you. The goblin hits you but does no damage.
The goblin hits you with a +0 club. The goblin hits you but does no damage.
The gnoll attacks as it pursues you! The gnoll misses you.
The goblin attacks as it pursues you! The goblin hits you but does no damage.
Found 11 gold pieces.
You barely miss the goblin.
The gnoll hits you from afar with a +0 halberd!
The goblin hits you but does no damage.
You closely miss the goblin.
The gnoll hits you from afar with a +0 halberd.
The goblin barely misses you. You block the gnoll's attack.
You block the goblin's attack.
You barely miss the goblin. The gnoll barely misses you.
The goblin hits you but does no damage.
You closely miss the goblin. You block the gnoll's attack.
The goblin hits you with a +0 club.
You thump the goblin!
You kill the goblin!
The gnoll closely misses you. The gnoll barely misses you.
You sock the rat!
You kill the rat!
The gnoll hits you from afar with a +0 spear.
The gnoll hits you from afar with a +0 halberd!
The gnoll hits you with a +0 spear. The gnoll hits you with a +0 halberd!
* * * LOW HITPOINT WARNING * * *
The gnoll hits you from afar with a +1 heavy halberd.
You die...

..#(....g...?.
##########.#......r....
.........#.#.#.#####...
..######.#.#.#)# .
.......#.#.#.#.#####...
.#..)....#.#.#.........
.#.#<#..........##....
.#.#)#........ggg# ..
...)†#......>..#@#
..####........<#.#
...............#.#
..#####......###.. ..#
#......# ###. ........
.$ ..######## #. .# #


You could see 3 gnolls.

Vanquished Creatures
  Jessica (D:3)
  An orc wizard (D:3)
  A gnoll (D:3)
  An adder (D:2)
  A ribbon worm (D:3)
  2 dart slugs (D:2)
  4 orcs (D:3)
  3 bats (D:1)
  6 endoplasms
  2 giant cockroaches (D:1)
  5 goblins
  4 jackals (D:2)
  2 kobolds
  A quokka (D:1)
  5 ball pythons
  2 frilled lizards (D:1)
  7 rats
48 creatures vanquished.

Notes
Turn   | Place    | Note
-------+----------+-------------------------------------------
     0 | D:1      | Doomgape the Gargoyle Fighter began the quest for the Orb.
     0 | D:1      | Reached XP level 1. HP: 14/14 MP: 1/1
   157 | D:1      | Reached XP level 2. HP: 15/19 MP: 2/2
  1206 | D:2      | Reached XP level 3. HP: 24/24 MP: 3/3
  1765 | D:3      | Noticed Jessica
  1776 | D:3      | Reached XP level 4. HP: 24/29 MP: 4/4
  1799 | D:3      | Killed Jessica
  1806 | D:3      | Reached XP level 5. HP: 30/34 MP: 5/5
  1845 | D:3      | Gained mutation: Your natural rate of healing is unusually
                  | fast. [potion of mutation]
  1862 | D:3      | Slain by a gnoll

Illustrated notes

Levels and vault maps discovered:
D:1:      elethiomel_arrival_shortcut, layout_basic, serial_forest,
          infiniplex_forest_pool, infiniplex_forest_lined_2,
          infiniplex_forest_end_2, infiniplex_forest_clump_C,
          infiniplex_forest_straight_5, infiniplex_forest_straight_1,
          infiniplex_forest_end_1
D:2:      layout_loops_corners
D:3:      layout_basic, minmay_box_of_dots, uniq_jessica

Skill      XL: |  1  2  3  4 |
---------------+-------------+-----
Fighting       | 4 |  4.4
Armour         | 4 |  4.3
Maces & Flails | 3 |  3.2
Shields        | |  3.5

Action                     |  1- 3 |  4- 6 || total
---------------------------+-------+-------++-------
  Melee: Flail             |   198 |    39 ||   237
    Use: Scroll            |     2 |       ||     2
         Potion            |     2 |     1 ||     3
 Armour: Scale mail        |   107 |    50 ||   157
  Dodge: Dodged            |    88 |    31 ||   119
  Block: Buckler           |    36 |     8 ||    44
